 Dungeon Crawl Stone Soup version 0.26-a0-737-g4e9f4955e2 (webtiles) character file.

Game seed: 6142469066456154973

13 Forecaster the Stinger (level 2, 0/22 HPs)
             Began as a Naga Venom Mage on Nov 4, 2020.
             Slain by a hobgoblin
             ... wielding a +0 club
              (7 damage)
             ... on level 1 of the Dungeon.
             The game lasted 00:01:30 (339 turns).

Forecaster the Stinger (Naga Venom Mage)             Turns: 339, Time: 00:01:30

Health: 0/22       AC:  1    Str: 10    XL:     2   Next: 37%
Magic:  2/5        EV: 10    Int: 15    God:
Gold:   3          SH:  0    Dex: 11    Spells: 2/5 levels left

rFire    . . .     SeeInvis +   d - +4 dagger
rCold    . . .     Faith    .   (no shield)
rNeg     . . .     Spirit   .   a - +0 robe
rPois    +         Reflect  .   (no helmet)
rElec    .         Harm     .   (no cloak)
rCorr    .         Rampage  .   (no gloves)
MR       .....                  (no barding)
Stlth    ++........             (no amulet)
HPRegen  0.07/turn              (no ring)
MPRegen  0.09/turn              (no ring)

@: very slow
A: large, see invisible, deformed body, poison resistance, slowness 2, spit
poison 1, AC +0
a: Spit Poison


You were on level 1 of the Dungeon.
You visited 1 branch of the dungeon, and saw 1 of its levels.

You collected 3 gold pieces.

Inventory:

Hand Weapons
 c - a +1 dagger of protection
 d - a +4 dagger (weapon)
Missiles
 e - 9 poisoned darts (quivered)
Armour
 a - a +0 robe (worn)
Scrolls
 b - a scroll of amnesia {unknown}
 f - a scroll of blinking {unknown}


   Skills:
 + Level 0.1 Short Blades
 + Level 1.7 Dodging
 + Level 3.2 Stealth
 + Level 2.1 Spellcasting
 + Level 1.0 Transmutations
 + Level 4.4 Poison Magic


You had 2 spell levels left.
You knew the following spells:

 Your Spells              Type           Power        Failure   Level
a - Sting                 Tmut/Pois      #...         7%          1
b - Poisonous Vapours     Pois/Air       #.....       13%         2

Your spell library contained the following spells:

 Spells                   Type           Power        Failure   Level
 Ignite Poison            Fire/Tmut/Pois #.......     30%         3
 Mephitic Cloud           Conj/Pois/Air  #.......     34%         3
 Olgreb's Toxic Radiance  Pois           ##......     34%         4


Dungeon Overview and Level Annotations

Branches:
Dungeon (1/15)

Altars:


Innate Abilities, Weirdness & Mutations

You cannot wear boots.
Your serpentine skin is tough. (AC +0)
You have supernaturally acute eyesight. (SInv)
Armour fits poorly on your strangely shaped body.
Your system is resistant to poisons. (rPois)
You cover ground very slowly.
You can spit poison.


Message History

The giant cockroach closely misses you. x2
You barely miss the giant cockroach.
The giant cockroach is severely wounded.
The giant cockroach bites you.
Casting: Poisonous Vapours (safe; 14% risk of failure)
Confirm with . or Enter, or press ? or * to list all spells.
Aiming: Sting (safe; 8% risk of failure)
Press: ? - help, Shift-Dir - straight line, f - hobgoblin
Aim: a hobgoblin, wielding a +0 club The sting hits the hobgoblin.
The hobgoblin is poisoned.
The hobgoblin is moderately wounded.
The giant cockroach bites you. The hobgoblin closely misses you.
You hit the giant cockroach.
You kill the giant cockroach!
The hobgoblin closely misses you.
You hit the hobgoblin.
The hobgoblin is severely wounded.
A hobgoblin comes into view.
The hobgoblin hits you with a +0 club!
You die...

###†......#....#
####.)............#
#....#.......#....#
###.####.......##.###
.##.# #.......##.#
....# #.......##.#
###.## ##########.#
##..### ######.#
#.....# #....@.#
#.###.# #....††g# #.#
..##.........# #.#
.........J..# #.#
#...>......# ##.###
#.........# .....##
#...?.....# ......##
##..g....## .####..#


You could see an ooze and 2 hobgoblins.

Vanquished Creatures
  2 giant cockroaches (D:1)
  A hobgoblin (D:1)
  3 kobolds (D:1)
  A bat (D:1)
  2 goblins (D:1)
  3 rats (D:1)
12 creatures vanquished.

Notes
Turn   | Place    | Note
-------+----------+-------------------------------------------
     0 | D:1      | Forecaster the Naga Venom Mage began the quest for the Orb.
     0 | D:1      | Reached XP level 1. HP: 15/15 MP: 3/3
   209 | D:1      | Reached XP level 2. HP: 18/22 MP: 0/5
   307 | D:1      | Learned a level 2 spell: Poisonous Vapours
   339 | D:1      | Slain by a hobgoblin

Illustrated notes

Levels and vault maps discovered:
D:1:      matt_arrival_spirals, layout_rooms

Action                   || total
-------------------------++-------
Melee: Dagger            ||    33
 Cast: Sting             ||     7
       Poisonous Vapours ||     1
Armor: Robe              ||     5
Dodge: Dodged            ||    17

Table legend: (Time is in decaauts)
 A = Elapsed time spent in this place.
 B = Non-inter-level travel time spent in this place.
 C = Inter-level travel time spent in this place.
 D = Time resting spent in this place.
 E = Time spent auto-exploring this place.
 F = Levels seen in this place.
 G = Mean time per level.
                   A        B        C        D        E       F      G
               +--------+--------+--------+--------+--------+-----+--------+
         Total |    406 |    367 |     39 |    119 |    156 |   1 |  406.0 |
       Dungeon |    406 |    367 |     39 |    119 |    156 |   1 |  406.0 |
               +--------+--------+--------+--------+--------+-----+--------+

Top non-repeatable levels by time:
     D:1: 406 daAuts
